AoeStats
← Infadel

Golden Pit

508048883Analyzed
1v1 RM · 12d ago on Sep 20, 2026· 45m 49s· 2 players
Game mode
Random Map
Map size
Tiny (2 player)
Population
200
Speed
Normal
Resources
Standard
Victory
Conquest
Starting age
Dark Age
Ending age
Imperial Age
RankedLock teamsTeams togetherTeam positionsShared explorationLock speedFull tech treeHidden civsTurbo modeCheats
Victory
Defeat
🇮🇳 Mongols · India
1035
+16
🇩🇪 Romans · Germany
1043
-16
Infadel
9:26 Feudal Age
8:36 Loom
10:58 Double-Bit Axe
15:26 Fletching
16:48 Padded Archer Armor
24:30 Castle Age
24:39 Crossbowman
25:33 Bow Saw
26:34 Thumb Ring
32:18 Bloodlines
33:06 Town Watch
34:44 Gold Mining
34:45 Stone Mining
39:07 Wheelbarrow
43:05 Bodkin Arrow
45:17 Gold Shaft Mining
46:19 Hand Cart
UmBerto
10:55 Feudal Age
9:39 Loom
11:54 Man-at-Arms
15:33 Wheelbarrow
15:07 Scale Mail Armor
21:00 Castle Age
18:54 Double-Bit Axe
23:10 Fletching
24:50 Scale Barding Armor
27:42 Horse Collar
28:33 Forging
29:34 Town Watch
31:22 Bodkin Arrow
31:37 Padded Archer Armor
31:08 Elite Skirmisher
33:47 Ballistas
35:01 Bow Saw
36:14 Ballistics
36:16 Leather Archer Armor
38:50 Town Patrol
46:09 Chain Barding Armor
46:25 Iron Casting
Connection lost

Rejoining the realm…

Still unreachable

The connection could not be restored.

Session expired

The server has moved on; the page needs a fresh start.